[ AOE2 MATCH · #468078486 ]
UnrankedHindustanis vs Bohemians
[ REPLAY ANALYSIS · EXTRACTED FROM THE RECORDED GAME ]
Feudal
—
Castle
—
Imperial
—
| APM avg | 12.4 |
| APM peak | 20 |
| eAPM avg | 7.1 |
| Villagers / military | 15 / 0 |
Focus
⚔️ 3.8% · 🌾 96.2%
Feudal
—
Castle
—
Imperial
—
| APM avg | 40.4 |
| APM peak | 50 |
| eAPM avg | 11.6 |
| Villagers / military | 10 / 0 |
Focus
⚔️ 12.1% · 🌾 87.9%
Feudal
—
Castle
—
Imperial
—
| APM avg | 12.8 |
| APM peak | 23 |
| eAPM avg | 6.0 |
| Villagers / military | 8 / 0 |
Focus
⚔️ 8.7% · 🌾 91.3%
Feudal
—
Castle
—
Imperial
—
| APM avg | 28.7 |
| APM peak | 54 |
| eAPM avg | 15.6 |
| Villagers / military | 17 / 0 |
Focus
⚔️ 6.3% · 🌾 93.7%
Feudal
—
Castle
—
Imperial
—
| APM avg | 1.7 |
| APM peak | 7 |
| eAPM avg | 1.7 |
| Villagers / military | 0 / 0 |
Feudal
—
Castle
—
Imperial
—
| APM avg | 17.3 |
| APM peak | 26 |
| eAPM avg | 5.6 |
| Villagers / military | 5 / 0 |
Focus
⚔️ 5.0% · 🌾 95.0%
Match map
Initial resources + every placement click. Lines = walls · curves = elevation contours. ◆ gold · ⬟ stone · ● berries · ✦ relic · ◌ wall gap
Your base
星奕's base
Buddy's base
陈泽彬's base
暮星's base
810929498's base
Smoothed initial terrain · ◌ = detected wall gap · hover for details
Inputs per minute
— RJabrega - - 星奕
Build order — RJabrega
19 actions detected in the replay
| 0:16 | Build | Palisade Wall |
| 0:19 | Research | Loom |
| 0:20 | Create | Villager (Male) |
| 0:20 | Create | Villager (Male) |
| 0:20 | Create | Villager (Male) |
| 0:21 | Create | Villager (Male) |
| 0:21 | Create | Villager (Male) |
| 0:29 | Build | House |
| 0:33 | Build | House |
| 2:25 | Create | Villager (Male) |
| 2:25 | Create | Villager (Male) |
| 3:21 | Create | Villager (Male) |
| 3:21 | Create | Villager (Male) |
| 3:21 | Create | Villager (Male) |
| 3:44 | Create | Villager (Male) |
| 3:45 | Create | Villager (Male) |
| 3:45 | Create | Villager (Male) |
| 4:12 | Create | Villager (Male) |
| 4:12 | Create | Villager (Male) |
Build order — 星奕
17 actions detected in the replay
| 0:04 | Build | House |
| 0:06 | Build | House |
| 0:08 | Create | Villager (Male) |
| 0:08 | Create | Villager (Male) |
| 0:09 | Create | Villager (Male) |
| 0:09 | Create | Villager (Male) |
| 0:09 | Create | Villager (Male) |
| 0:10 | Research | Loom |
| 0:46 | Build | Palisade Wall |
| 0:54 | Build | House |
| 1:48 | Build | Palisade Wall |
| 2:14 | Create | Villager (Male) |
| 2:14 | Create | Villager (Male) |
| 2:15 | Create | Villager (Male) |
| 3:09 | Create | Villager (Male) |
| 3:09 | Create | Villager (Male) |
| 4:30 | Build | Mining Camp |
Build order — Buddy
13 actions detected in the replay
| 0:11 | Research | Loom |
| 0:22 | Create | Villager (Male) |
| 0:22 | Create | Villager (Male) |
| 0:22 | Create | Villager (Male) |
| 0:23 | Create | Villager (Male) |
| 0:23 | Create | Villager (Male) |
| 0:35 | Build | House |
| 0:37 | Build | House |
| 1:29 | Build | Palisade Wall |
| 2:16 | Build | Palisade Wall |
| 2:52 | Create | Villager (Male) |
| 3:27 | Create | Villager (Male) |
| 3:27 | Create | Villager (Male) |
Build order — 陈泽彬
23 actions detected in the replay
| 0:05 | Build | House |
| 0:06 | Build | House |
| 0:08 | Build | House |
| 0:14 | Create | Villager (Male) |
| 0:14 | Create | Villager (Male) |
| 0:15 | Create | Villager (Male) |
| 0:15 | Create | Villager (Male) |
| 0:15 | Create | Villager (Male) |
| 0:16 | Create | Villager (Male) |
| 1:49 | Build | Palisade Wall |
| 1:53 | Build | Palisade Wall |
| 2:05 | Create | Villager (Male) |
| 2:05 | Create | Villager (Male) |
| 2:33 | Create | Villager (Male) |
| 2:34 | Create | Villager (Male) |
| 2:39 | Build | Lumber Camp |
| 3:06 | Create | Villager (Male) |
| 3:06 | Create | Villager (Male) |
| 3:37 | Create | Villager (Male) |
| 3:37 | Create | Villager (Male) |
| 3:58 | Create | Villager (Male) |
| 3:58 | Create | Villager (Male) |
| 4:24 | Create | Villager (Male) |
Build order — 暮星
0 actions detected in the replay
Build order — 810929498
11 actions detected in the replay
| 0:09 | Create | Villager (Male) |
| 0:09 | Create | Villager (Male) |
| 0:10 | Create | Villager (Male) |
| 0:10 | Create | Villager (Male) |
| 0:10 | Create | Villager (Male) |
| 0:23 | Build | House |
| 0:24 | Build | House |
| 0:26 | Build | House |
| 0:27 | Build | House |
| 0:31 | Research | Loom |
| 3:04 | Build | Palisade Wall |
Match timeline
| 0:16 | RJabrega · wall_segment Palisade Wall x14 |
| 0:46 | 星奕 · wall_segment Palisade Wall x19 |
| 1:29 | Buddy · wall_segment Palisade Wall x10 |
| 1:48 | 星奕 · wall_segment Palisade Wall x21 |
| 1:49 | 陈泽彬 · wall_segment Palisade Wall x8 |
| 1:53 | 陈泽彬 · wall_segment Palisade Wall x1 |
| 2:16 | Buddy · wall_segment Palisade Wall x8 |
| 3:04 | 810929498 · wall_segment Palisade Wall x11 |
| 3:37 | 暮星 · resign |
[ AI ANALYSIS · 1 CREDIT ]
What really happened in this match?
Wolo.gg analyzes every decision: build order, eco, micro, common mistakes by bracket. Personalized analysis on WhatsApp or Discord in 30 seconds.
Civ guide
Hindustanis
Perfil
Jugador #2274147